 Dungeon Crawl Stone Soup version 0.29.1-2-gbd0b4ee654 (webtiles) character file.

Game seed: 4745701638189713478

1506 Descartes the Covert (level 8, -13/36 HPs)
             Began as a Spriggan Wanderer on Nov 21, 2022.
             Shot with a bolt by an orc warrior (24 damage)
             ... on level 6 of the Dungeon on Nov 22, 2022.
             The game lasted 00:17:20 (7260 turns).

Descartes the Covert (Spriggan Wanderer)            Turns: 7260, Time: 00:17:21

Health: -13/36     AC:  2    Str:  6    XL:     8   Next: 52%
Magic:  10/17      EV: 18    Int: 19    God:
Gold:   340        SH:  0    Dex: 13    Spells: 13/17 levels left

rFire   . . .      SeeInvis +   a - +1 dagger (venom)
rCold   . . .      Faith    .   (no shield)
rNeg    . . .      Spirit   .   c - +0 robe
rPois   .          Reflect  .   d - +0 hat
rElec   .          Harm     .   (no cloak)
rCorr   +          Rampage  .   (gloves unavailable)
Will    +....                   (boots unavailable)
Stlth   ++++......              j - amulet of regeneration
HPRegen 0.92/turn               h - ring of resist corrosion
MPRegen 0.15/turn               (no ring)

@: very quick
A: very small, no large weapons, unfitting armour, see invisible, speed 3
a: no special abilities


You were on level 6 of the Dungeon.
You visited 1 branch of the dungeon, and saw 6 of its levels.

You collected 340 gold pieces.

Inventory:

Hand Weapons
 a - a +1 dagger of venom (weapon)
 b - a +2 vorpal sling
 i - a +1 dagger of electrocution
Missiles
 l - 10 boomerangs (quivered)
 v - 9 poisoned darts
Armour
 c - a +0 robe (worn)
 d - a +0 hat (worn)
Jewellery
 h - a ring of resist corrosion (left hand)
 j - an amulet of regeneration (around neck)
Wands
 m - a wand of roots (9)
 s - a wand of mindburst (10)
Scrolls
 f - 5 scrolls of identify {unknown}
 g - a scroll of silence {unknown}
 k - 2 scrolls of fear {unknown}
 n - a scroll of magic mapping {unknown}
 o - 2 scrolls of teleportation {unknown}
 r - a scroll of fog {unknown}
 u - a scroll of amnesia {unknown}
 y - 2 scrolls of poison {unknown}
 A - a scroll of enchant weapon {unknown}
Potions
 e - a potion of cancellation {unknown}
 p - 2 potions of mutation {unknown}
 q - 2 potions of curing
 t - a potion of magic {unknown}
 w - 2 potions of haste
 x - a potion of resistance {unknown}
 B - a potion of lignification


   Skills:
 + Level 3.7 Short Blades
 + Level 5.1 Dodging
 + Level 8.7 Stealth
 - Level 5.4 Spellcasting
 + Level 3.1 Conjurations
 - Level 5.0 Translocations
 + Level 3.1 Fire Magic
 + Level 3.5 Air Magic
 + Level 0.0 Evocations


You had 13 spell levels left.
You knew the following spells:

 Your Spells              Type           Power      Damage    Failure   Level
a - Foxfire               Conj/Fire      68%        2x1d7     3%          1
b - Shock                 Conj/Air       68%        1d7       3%          1
c - Blink                 Tloc           48%        N/A       2%          2

Your spell library contained the following spells:

 Spells                   Type           Power      Damage    Failure   Level
 Beastly Appendage        Tmut           10%        N/A       12%         1
 Freeze                   Ice            20%        1d4       12%         1
 Dazzling Flash           Conj/Hex       22%        N/A       19%         3
 Frozen Ramparts          Ice            10%        1d2       34%         3
 Ozocubu's Armour         Ice            5%         N/A       34%         3
 Hailstorm                Conj/Ice       11%        3d5       52%         4
 Metabolic Englaciation   Hex/Ice        2%         N/A       97%         5
 Simulacrum               Ice/Necr       2%         N/A       100%        6


Dungeon Overview and Level Annotations

Branches:
Dungeon (6/15)             Temple (0/1) D:5

Altars:
Zin
The Shining One


Innate Abilities, Weirdness & Mutations

You are very small and have problems with some larger weapons.
You are too small for most types of armour.
You have supernaturally acute eyesight. (SInv)
You cover ground extremely quickly. (Speed+++)


Message History

An orc comes into view. It is wielding a +0 flail.
The foxfire hits the orc.
The orc is severely wounded.
The foxfire hits the orc!
You kill the orc!
Casting: Foxfire (safe; 3% risk of failure)
Confirm with . or Enter, or press ? or * to list all spells.
You conjure some foxfire!
The orc warrior unwields a +0 scimitar.
The orc warrior wields a +0 arbalest.
The orc warrior shoots a bolt.
The bolt completely misses you.
Casting: Foxfire (safe; 3% risk of failure)
Confirm with . or Enter, or press ? or * to list all spells.
You conjure some foxfire!
The foxfire hits the orc warrior.
The orc warrior is lightly wounded.
The centaur shoots an arrow.
The arrow hits you!
Unknown command.
Casting: Foxfire (safe; 3% risk of failure)
Confirm with . or Enter, or press ? or * to list all spells.
You conjure some foxfire!
The foxfire hits the orc warrior but does no damage.
The orc warrior is lightly wounded.
The foxfire hits the orc warrior but does no damage.
The orc warrior is lightly wounded.
Casting: Foxfire (safe; 3% risk of failure)
Confirm with . or Enter, or press ? or * to list all spells.
You conjure some foxfire!
The foxfire hits the orc warrior but does no damage.
The orc warrior is lightly wounded.
The foxfire hits the orc warrior.
The orc warrior is lightly wounded.
The foxfire hits the orc warrior but does no damage.
The orc warrior is lightly wounded.
The foxfire hits the orc warrior.
The orc warrior is lightly wounded.
The foxfire hits the orc warrior but does no damage.
The orc warrior is lightly wounded.
The centaur shoots an arrow.
The arrow hits you!
The orc warrior shoots a bolt.
The bolt hits you!!
Ouch! That really hurt!
You die...

#.#...........
#..........#.##
#.......##.#..
....... ..#### #.##c#
#.##§#
######.§§§#######.#.#
#......§§§§oo......o.
#.####@######.#.#.#.#
##)# #.# # #..# #.#.#
#..# #.#.# #..# #.#.#
#.)# #.#.# #..# #.#.#
#..## #.#.######
##<.# #.^.......


You could see an orc warrior, a centaur and an orc.

Vanquished Creatures
  A sky beast (D:4)
  A black bear (D:5)
  An ogre (D:5)
  2 centaurs
  A phantom (D:6)
  A necrophage (D:5)
  5 scorpions
  3 jellies
  4 orc priests
  2 hounds (D:5)
  An iguana (D:6)
  6 orc wizards
  9 adders
  A white imp (D:6)
  2 worms (D:2)
  8 dart slugs
  20 orcs
  7 endoplasms
  7 giant cockroaches
  8 goblins
  7 hobgoblins
  8 jackals
  3 quokkas
  6 ball pythons
  5 bats
  3 frilled lizards
  8 kobolds
  4 rats
134 creatures vanquished.

Vanquished Creatures (others)
  632 foxfires
632 creatures vanquished.

Grand Total: 766 creatures vanquished

Notes
Turn   | Place    | Note
-------+----------+-------------------------------------------
     0 | D:1      | Descartes the Spriggan Wanderer began the quest for the
                  | Orb.
     0 | D:1      | Descartes set off with the following items: a +0 dagger, a
                  | potion of lignification, a +0 robe, a +0 hat; and the
                  | following spells available to memorise: Foxfire, Shock,
                  | Beastly Appendage, Blink, Dazzling Flash.
     0 | D:1      | Reached XP level 1. HP: 9/9 MP: 7/7
     2 | D:1      | Learned a level 1 spell: Foxfire
     4 | D:1      | Learned a level 1 spell: Shock
   209 | D:1      | Reached skill level 6 in Stealth
   210 | D:1      | Reached XP level 2. HP: 13/13 MP: 5/9
   605 | D:1      | Learned a level 2 spell: Blink
   904 | D:1      | Reached XP level 3. HP: 16/16 MP: 8/10
  1548 | D:2      | Reached skill level 1 in Translocations
  1624 | D:2      | Reached skill level 1 in Dodging
  1674 | D:2      | Reached skill level 1 in Air Magic
  1799 | D:2      | Reached skill level 1 in Fire Magic
  1810 | D:2      | Reached XP level 4. HP: 18/21 MP: 8/12
  2105 | D:2      | Found a faded altar of an unknown god.
  2791 | D:3      | Found the +18 Lear's hauberk
  3094 | D:3      | Reached XP level 5. HP: 24/24 MP: 10/13
  3372 | D:3      | Identified the +2 ring mail of the Imbibing Gods {rElec
                  | Will+ MP+9}
  3766 | D:4      | Noticed a sky beast
  3775 | D:4      | Killed a sky beast
  3776 | D:4      | Reached skill level 1 in Short Blades
  3776 | D:4      | Reached skill level 7 in Stealth
  4047 | D:4      | Noticed a centaur
  4053 | D:4      | Killed a centaur
  4054 | D:4      | Reached XP level 6. HP: 28/28 MP: 8/15
  4453 | D:4      | Found a glowing golden altar of the Shining One.
  5056 | D:4      | Reached XP level 7. HP: 32/32 MP: 10/16
  5230 | D:5      | Entered Level 5 of the Dungeon
  5740 | D:5      | Reached skill level 8 in Stealth
  5811 | D:5      | Reached XP level 8. HP: 31/36 MP: 4/17
  6184 | D:5      | Identified the +5 robe of Beogh's Reproof {*Slow rElec
                  | rCorr Stlth+}
  6313 | D:5      | Reached skill level 5 in Translocations
  6546 | D:5      | Found a staircase to the Ecumenical Temple.
  6675 | D:5      | Found a glowing silver altar of Zin.
  6987 | D:6      | Reached skill level 5 in Dodging
  7260 | D:6      | Shot with a bolt by an orc warrior

Illustrated notes

Levels and vault maps discovered:
D:1:      dpeg_cavernosity, layout_basic, st_stairs_9
D:2:      layout_loops_corners, ebering_ecumenical_altar_mist
D:3:      layout_loops_ring
D:4:      layout_rooms, overflow_temple_1_default, minmay_misc_feat_pillars,
          kennysheep_windowed_goal
D:5:      layout_cave_pools, kennysheep_mini_moat, temple_pool_b
D:6:      layout_loops_ring, minmay_overflow_temple_star_hex,
          nicolae_take_the_stairs

Skill      XL: |  1  2  3  4  5  6  7  8 |
---------------+-------------------------+-----
Stealth        | 6 7 8 |  8.7
Translocations | 1 2 3 4 5 |  5.0
Dodging        | 1 2 3 4 5 |  5.1
Air Magic      | 1 2 3 |  3.5
Fire Magic     | 1 2 3 |  3.1
Short Blades   | 1 2 3 |  3.7
Conjurations   | 2 3 |  3.1
Spellcasting   | |  5.4

Action                   |  1- 3 |  4- 6 |  7- 9 || total
-------------------------+-------+-------+-------++-------
Melee: Dagger            |     8 |     4 |     3 ||    15
 Cast: Foxfire           |    60 |   169 |   160 ||   389
       Shock             |     3 |     2 |     4 ||     9
  Use: Potion            |       |       |     3 ||     3
 Stab: Sleeping          |     5 |     3 |       ||     8
Armor: Robe              |     2 |     4 |     1 ||     7
       Skin              |       |       |    26 ||    26
Dodge: Dodged            |     7 |    23 |    32 ||    62
